 Dungeon Crawl Stone Soup version 0.29-a0-506-ga2e7fffb44 (webtiles) character file.

Game seed: 10646777553432026973

4157 kevlar127 the Grappler (level 10, -7/102 HPs)
             Began as a Troll Berserker on May 28, 2022.
             Was a Priest of Trog.
             Mangled by a hornet (10 damage)
             ... on level 8 of the Dungeon.
             The game lasted 00:30:12 (7427 turns).

kevlar127 the Grappler (Troll Berserker)            Turns: 7427, Time: 00:30:13

Health: -7/102     AC: 10    Str: 31    XL:     10   Next: 7%
Magic:  9/9        EV: 10    Int:  3    God:    Trog [***...]
Gold:   452        SH:  0    Dex:  9    Spells: 9/9 levels left

rFire   + . .      SeeInvis .     - Unarmed
rCold   . . .      Faith    .   (no shield)
rNeg    . . .      Spirit   .   g - +2 robe {Will+}
rPois   .          Reflect  .   (helmet restricted)
rElec   .          Harm     .   (no cloak)
rCorr   .          Rampage  .   (gloves unavailable)
Will    +++..                   (boots unavailable)
Stlth   +.........              (no amulet)
HPRegen 2.07/turn               o - ring of protection from fire
MPRegen 0.11/turn               q - +4 ring of protection

@: lethally poisoned (-7 -> -8), strong-willed, regenerating, slowed, very slow
A: large, unfitting armour, claws 3, regeneration 1, shaggy fur 1, tough skin 1
a: Renounce Religion, Berserk, Trog's Hand


You were on level 8 of the Dungeon.
You worshipped Trog.
Trog was most pleased with you.
You visited 2 branches of the dungeon, and saw 9 of its levels.

You collected 452 gold pieces.

Inventory:

Missiles
 b - 245 stones
 c - 23 poisoned darts
 d - 4 atropa-tipped darts
 y - 2 boomerangs (quivered)
Armour
 a - a +0 animal skin
 g - a +2 robe of willpower (worn)
 A - a +0 kite shield
 D - a +2 robe of positive energy
Jewellery
 o - a ring of protection from fire (left claw)
 q - a +4 ring of protection (right claw)
 B - a ring of protection from fire
 K - a +4 ring of protection
Wands
 m - a wand of acid (17)
 v - a wand of iceblast (15)
 C - a wand of polymorph (15)
 G - a wand of flame (38)
Scrolls
 f - 2 scrolls of silence {unknown}
 i - 2 scrolls of poison {unknown}
 j - 2 scrolls of enchant armour {unknown}
 k - a scroll of torment {unknown}
 l - 3 scrolls of fear
 s - 2 scrolls of immolation {unknown}
 t - 5 scrolls of teleportation {unknown}
 x - a scroll of enchant weapon {unknown}
 E - a scroll of blinking {unknown}
 I - 2 scrolls of noise {unknown}
 J - a scroll of amnesia {unknown}
Potions
 e - 4 potions of flight
 h - 3 potions of attraction
 p - a potion of might {unknown}
 r - a potion of magic {unknown}
 u - 4 potions of cancellation
 w - a potion of brilliance {unknown}
 z - a potion of mutation {unknown}
 F - 2 potions of curing {unknown}
 H - a potion of resistance {unknown}
 L - a potion of degeneration {unknown}


   Skills:
 + Level 7.1 Fighting
 - Level 5.0 Throwing
 - Level 3.0 Dodging
 - Level 3.0 Shields
 + Level 8.5 Unarmed Combat
 + Level 4.5 Evocations


You had 9 spell levels left.
You didn't know any spells.
Your spell library was empty.

Dungeon Overview and Level Annotations

Branches:
Dungeon (8/15)             Temple (1/1) D:5
   Lair: D:8-11

Altars:
Ashenzari
Cheibriados
Dithmenos
Elyvilon
Fedhas
Gozag
Hepliaklqana
Kikubaaqudgha
Makhleb
Nemelex Xobeh
Okawaru
Qazlal
Ru
Sif Muna
Trog
Uskayaw
Wu Jian
Xom
Yredelemnul
Zin
The Shining One

Shops:
D:7 *


Innate Abilities, Weirdness & Mutations

You are too large for most types of armour.
You have claws for hands.
Your natural rate of healing is unusually fast.
You are covered in fur. (AC +1)
You have tough skin. (AC +1)


Message History

The hornet barely misses you. The hornet stings you.
* * * LOW HITPOINT WARNING * * *
You are more poisoned.
You feel as though you will be slow longer.
You miss the hornet.
You feel extremely sick. The hornet barely misses you.
The hornet stings you but does no damage.
Unknown command.
You feel extremely sick.
The hornet stings you but does no damage. x2
Okay, then.
The hornet attacks as you move away!
The hornet stings you but does no damage.
You feel very sick. The hornet stings you.
* * * LOW HITPOINT WARNING * * *
You are lethally poisoned!
You feel as though you will be slow longer.
You feel much better.
You feel extremely sick. The hornet barely misses you. The hornet stings you.
* * * LOW HITPOINT WARNING * * *
You feel as though you will be slow longer.
You barely miss the hornet.
You feel very sick. The hornet stings you!
* * * LOW HITPOINT WARNING * * *
You feel as though you will be slow longer.
The hornet stings you!
* * * LOW HITPOINT WARNING * * *
You feel as though you will be slow longer.
You barely miss the hornet.
You feel very sick.
The hornet stings you but does no damage.
The hornet closely misses you.
You mangle the hornet!!
The hornet is severely wounded.
You feel sick. The hornet stings you!
You die...

#.# #.##### #.....###
#........ #........
####.###.....# ......†......#
####.###y###... #@# #.#
#####.### ##.## #.......#
#...# ######.###.#.# #...#
####..)....##.#.# #...#
#........>....#.######...#####
#.......#.....#.##...........#
#.....>.#.....................


You could see a hornet.

Vanquished Creatures
  Pikel (D:5)
  An ugly thing (D:6)
  Grinder (D:6)
  A wyvern (D:8)
  A steam dragon (D:7)
  Menkaure (D:5)
  Duvessa (D:5)
  A sky beast (D:8)
  An orc warrior (D:8)
  2 ice beasts
  3 centaurs
  2 ogres
  A phantom (D:5)
  Blork the orc (D:5)
  A necrophage (D:7)
  A bullfrog (D:6)
  A kobold brigand (D:7)
  A gnoll sergeant (D:5)
  3 scorpions
  4 wights (D:8)
  Dowan (D:5)
  3 killer bees (D:8)
  A howler monkey (D:7)
  6 orc priests
  2 hounds (D:6)
  5 iguanas
  Ijyb (D:5)
  Natasha (twice) (D:4)
  6 orc wizards
  8 adders
  4 gnolls (D:5)
  A shadow imp (D:6)
  A white imp (D:5)
  4 ufetubi
  A worm (D:3)
  A dart slug (D:5)
  15 orcs
  4 endoplasms
  2 giant cockroaches
  6 goblins
  6 hobgoblins
  12 jackals
  A quokka (D:1)
  4 ball pythons
  5 bats
  A frilled lizard (D:3)
  14 kobolds
  9 rats
155 creatures vanquished.

Notes
Turn   | Place    | Note
-------+----------+-------------------------------------------
     0 | D:1      | kevlar127 the Troll Berserker began the quest for the Orb.
     0 | D:1      | Reached XP level 1. HP: 22/22 MP: 0/0
   215 | D:1      | Reached XP level 2. HP: 27/29 MP: 1/1
   640 | D:2      | Reached XP level 3. HP: 36/36 MP: 2/2
   724 | D:2      | Reached ** piety under Trog
   861 | D:2      | Identified the +6 hunting sling "Hedem" {vorpal, Fly}
  1238 | D:3      | Found an opulent altar of Gozag.
  1859 | D:3      | Found a large runed translucent door.
  1860 | D:3      | Found a large runed translucent door.
  2029 | D:3      | Found a sparkling altar of Nemelex Xobeh.
  2038 | D:3      | Found a stormy altar of Qazlal.
  2346 | D:4      | Reached skill level 4 in Unarmed Combat
  2376 | D:4      | Reached XP level 4. HP: 45/45 MP: 3/3
  2386 | D:4      | Reached skill level 1 in Throwing
  2532 | D:4      | Reached XP level 5. HP: 50/53 MP: 4/4
  2538 | D:4      | Reached skill level 1 in Evocations
  2964 | D:4      | Reached XP level 6. HP: 61/62 MP: 5/5
  3347 | D:4      | Noticed Natasha
  3363 | D:4      | Killed Natasha
  3385 | D:4      | Noticed Natasha
  3389 | D:4      | Killed Natasha
  3498 | D:5      | Entered Level 5 of the Dungeon
  3582 | D:5      | Found a shimmering altar of Xom.
  3709 | D:5      | Reached *** piety under Trog
  3710 | D:5      | Reached skill level 5 in Unarmed Combat
  3763 | D:5      | Found a staircase to the Ecumenical Temple.
  3764 | D:5      | Noticed Ijyb
  3769 | D:5      | Killed Ijyb
  3770 | D:5      | Reached XP level 7. HP: 69/70 MP: 6/6
  3805 | D:5      | Found a snail-covered altar of Cheibriados.
  3994 | D:5      | Noticed Pikel
  4004 | D:5      | Killed Pikel
  4005 | D:5      | Reached skill level 5 in Fighting
  4005 | D:5      | Reached skill level 6 in Unarmed Combat
  4005 | D:5      | Reached XP level 8. HP: 68/80 MP: 7/7
  4052 | D:5      | Noticed Dowan
  4052 | D:5      | Noticed Duvessa
  4058 | D:5      | Killed Duvessa
  4066 | D:5      | Killed Dowan
  4067 | D:5      | Reached skill level 1 in Shields
  4084 | D:5      | Noticed Blork the orc
  4093 | D:5      | Killed Blork the orc
  4245 | D:5      | Found a glowing silver altar of Zin.
  4311 | D:5      | Noticed Menkaure
  4320 | D:5      | Killed Menkaure
  4906 | Temple   | Entered the Ecumenical Temple
  5091 | D:6      | Noticed a brown ugly thing
  5111 | D:6      | Killed a brown ugly thing
  5112 | D:6      | Reached skill level 7 in Unarmed Combat
  5112 | D:6      | Reached XP level 9. HP: 40/89 MP: 8/8
  5700 | D:6      | Noticed Grinder
  5717 | D:6      | Killed Grinder
  6136 | D:7      | Found Uleskof's Assorted Antiques.
  6195 | D:7      | Reached **** piety under Trog
  6766 | D:7      | Reached skill level 8 in Unarmed Combat
  6815 | D:7      | Reached skill level 5 in Throwing
  7155 | D:8      | Reached XP level 10. HP: 99/102 MP: 9/9
  7413 | D:8      | Paralysed by a hornet for 1 turns
  7418 | D:8      | Paralysed by a hornet for 2 turns
  7419 | D:8      | HP: 1/102 [poisoned by a hornet]
  7425 | D:8      | HP: 3/102 [hornet (8)]
  7427 | D:8      | Mangled by a hornet

Illustrated notes

Levels and vault maps discovered:
D:1:      nicolae_arrival_somewhat_less_tricky_arrival, layout_rooms
D:2:      layout_basic
D:3:      layout_basic, mainiacjoe_overflow_concentric_impassable,
          jmf_multi_god_temple2, ebering_dispersal_statue_hall
D:4:      layout_basic, uniq_natasha
D:5:      layout_loops_corners, mainiacjoe_overflow_paths, zin_scriptorium,
          mainiacjoe_overflow_24_doors, minmay_temple_entry_junction_2,
          corner_web_ring, uniq_duvessa, uniq_menkaure, uniq_ijyb,
          uniq_blork_the_orc, uniq_pikel
D:6:      layout_basic, hangedman_minor_gate_pass, uniq_grinder
D:7:      layout_loops_cross, serial_shops, kennysheep_mini_moat, minivault_23,
          chequers_serial_rivers_micro_c, minmay_misc_feat_plants,
          hangedman_decor_slide_cut
D:8:      layout_loops_cross, nicolae_vehumet_altar_sigil, serial_shops,
          nicolae_shop_trees
Temple:   regret_index_temple_waves

Skill      XL: |  1  2  3  4  5  6  7  8  9 |
---------------+----------------------------+-----
Fighting       | 3 4 5 7 |  7.1
Unarmed Combat | 4 5 6 7 8 |  8.5
Throwing       | 1 2 4 5 |  5.0
Evocations     | 1 2 3 4 |  4.5
Shields        | 3 |  3.0
Dodging        | 3 |  3.0

Action                   |  1- 3 |  4- 6 |  7- 9 | 10-12 || total
-------------------------+-------+-------+-------+-------++-------
Melee: Unarmed           |   122 |   106 |   215 |    32 ||   475
       Punch             |     3 |     2 |     8 |     1 ||    14
Throw: Boomerang         |       |       |     7 |     8 ||    15
Invok: Trog's Hand       |     1 |     1 |     5 |     1 ||     8
       Berserk           |       |       |     1 |       ||     1
  Use: Scroll            |       |       |     5 |       ||     5
       Potion            |       |       |       |     3 ||     3
 Stab: Sleeping          |     1 |       |       |       ||     1
Armor: Animal skin       |    43 |    35 |    25 |       ||   103
       Robe              |       |       |    59 |    18 ||    77
Dodge: Dodged            |    67 |    35 |   105 |    20 ||   227

Table legend: (Time is in decaauts)
 A = Elapsed time spent in this place.
 B = Non-inter-level travel time spent in this place.
 C = Inter-level travel time spent in this place.
 D = Time resting spent in this place.
 E = Time spent auto-exploring this place.
 F = Levels seen in this place.
 G = Mean time per level.
                   A        B        C        D        E       F      G
               +--------+--------+--------+--------+--------+-----+--------+
         Total |   7388 |   6942 |    446 |   1354 |   4498 |   9 |  820.9 |
       Dungeon |   7261 |   6832 |    429 |   1354 |   4402 |   8 |  907.6 |
        Temple |    127 |    110 |     17 |      0 |     96 |   1 |  127.0 |
               +--------+--------+--------+--------+--------+-----+--------+

Top non-repeatable levels by time:
     D:5: 1439 daAuts
     D:4: 1159 daAuts
     D:3: 989 daAuts
     D:7: 932 daAuts
     D:6: 878 daAuts
     D:2: 769 daAuts
     D:1: 565 daAuts
     D:8: 525 daAuts
  Temple: 127 daAuts
